 Dungeon Crawl Stone Soup version 0.29-a0-557-g43b9904bd1 (webtiles) character file.

Game seed: 9922663347449541743

162 zeratav the Stinger (level 5, 0/31 HPs)
             Began as an Octopode Venom Mage on June 8, 2022.
             Hit by a stone thrown by a hobgoblin (1 damage)
             ... on level 3 of the Dungeon.
             The game lasted 00:02:37 (2880 turns).

zeratav the Stinger (Octopode Venom Mage)           Turns: 2880, Time: 00:02:37

Health: 0/31       AC:  1    Str:  8    XL:     5   Next: 43%
Magic:  14/18      EV: 13    Int: 19    God:
Gold:   167        SH:  0    Dex: 12    Spells: 9/10 levels left

rFire   . . .      SeeInvis .   f - +2 dagger (freeze) {short}
rCold   . . .      Faith    .   (no shield)
rNeg    . . .      Spirit   .   (helmet restricted)
rPois   .          Reflect  .   (no amulet)
rElec   .          Harm     .   l - ring of magical power
rCorr   .          Rampage  .   (no ring)
Will    .....                   (no ring)
Stlth   +++.......              (no ring)
HPRegen 0.10/turn               (no ring)
MPRegen 0.16/turn               (no ring)
                                (no ring)
                                (no ring)

@: no status effects
A: almost no armour, amphibious, 8 rings, camouflage 1, gelatinous body 1,
(nimble swimmer 1), tentacles
a: no special abilities


You were on level 3 of the Dungeon.
You visited 1 branch of the dungeon, and saw 3 of its levels.

You collected 167 gold pieces.


Innate Abilities, Weirdness & Mutations

You cannot wear most types of armour.
You are amphibious.
You can wear up to eight rings at the same time.
Your skin changes colour to match your surroundings (Stealth+).
Your rubbery body absorbs attacks. (AC +1, EV +1)
((You are camouflaged when in or above water. (Stealth+)))
You have tentacles for arms and can constrict up to eight enemies at once.


   Skills:
 - Level 2.0 Dodging
 - Level 2.6 Stealth
 + Level 3.2 Spellcasting
 - Level 1.0 Transmutations
 * Level 6.2 Poison Magic


You had 9 spell levels left.
You knew the following spells:

 Your Spells              Type           Power      Damage    Failure   Level
a - Sting                 Tmut/Pois      64%        1d6       3%          1

Your spell library contained the following spells:

 Spells                   Type           Power      Damage    Failure   Level
 Poisonous Vapours        Pois/Air       30%        N/A       6%          2
 Olgreb's Toxic Radiance  Pois           26%        N/A       11%         4
 Shock                    Conj/Air       12%        1d3       16%         1
 Mephitic Cloud           Conj/Pois/Air  11%        N/A       19%         3
 Swiftness                Air            3%         N/A       41%         3
 Airstrike                Air            1%         N/A       83%         4

Inventory:

Hand Weapons
 f - a +2 dagger of freezing (weapon) {short}
   (You took it off a kobold on level 1 of the Dungeon)
Jewellery
 l - a ring of magical power (left tentacle)
   (You found it on level 2 of the Dungeon)
Scrolls
 b - a scroll of torment {unknown}
 d - a scroll of amnesia {unknown}
 e - a scroll of enchant armour {unknown}
 g - a scroll of brand weapon {unknown}
 i - 3 scrolls of identify {unknown}
 j - a scroll of blinking {unknown}
 k - a scroll of fear {unknown}
 n - a scroll of enchant weapon {unknown}
 q - a scroll of fog {unknown}
Potions
 a - 2 potions of magic
 c - a potion of ambrosia {unknown}
 h - 2 potions of attraction {unknown}
 m - a potion of degeneration {unknown}
 o - a potion of brilliance {unknown}
 p - 2 potions of curing {unknown}

Dungeon Overview and Level Annotations

Branches:
Dungeon (3/15)

Altars:

#####.# ##. ##.....# ####...
##..##############....#.
#.......................
#.....###########...#
##.#..............#.#
#.##...##.....#..#)#
.######.####.##.......##.#
........# #@##........#.#
######..####....#...##...#.
##.........†.#####....#
#..)......#.# #...##
#####........#.## ##....
#....g##...#....# ##...###
#.)..)..###..##..###..#.#
#..........###.........##.##
##......g..# ####....##.<.|#


You could see a hobgoblin.


Message History

You closely miss the bat. Your grab misses the bat. You squeeze the bat.
The bat barely misses you.
A kobold comes into view. It is wielding a +0 short sword.
The bat misses you.
You hit the bat. You freeze the bat.
You kill the bat!
The kobold closely misses you.
You hit the kobold but do no damage. You grab the kobold.
You constrict the kobold.
The kobold hits you with a +0 short sword.
HP[-4]
You take 4 damage, and now have 22/31 hp.
You are too injured to fight recklessly!
You are too injured to fight recklessly!
You are too injured to fight recklessly!
You are too injured to fight recklessly!
You are too injured to fight recklessly!
You are too injured to fight recklessly!
You are too injured to fight recklessly!
You are too injured to fight recklessly!
You are too injured to fight recklessly!
A kobold is nearby!
Casting: Sting (safe; 3% risk of failure)
Confirm with . or Enter, or press ? or * to list all spells.
Aiming: Sting (safe; 3% risk of failure)
Press: ? - help, Shift-Dir - straight line, f - kobold
Aim: a kobold, wielding a +0 short sword and quivering stones (moderately wounded, constricted by you, 98% to hit)
The sting hits the kobold.
The kobold is poisoned.
You kill the kobold!
MP[-1]
You lost 1 mp, and now have 17/18 mp.
Things that are here:
a +0 short sword {short}; 5 stones {throwing} HP[+9] MP[+1]
Your hp is fully restored (31).
Your mp is fully restored (18).
q - a scroll labelled YHUMUU RYLOKY You now have 167 gold pieces (gained 11).
An orc comes into view. It is wielding a +0 trident.
An orc is nearby!
An orc is nearby! 2 orcs come into view.
An orc is wielding a +0 club and wearing a +0 ring mail of cold resistance.
You can't see any susceptible monsters within range! (Use Z to cast anyway.)
You can't see any susceptible monsters within range! (Use Z to cast anyway.)
The orc shouts! x3
The sting hits the orc.
The orc is poisoned.
The hobgoblin shouts!
The hobgoblin throws a stone.
The stone closely misses you.
MP[-1]
You lost 1 mp, and now have 17/18 mp.
The sting hits the orc.
The orc looks even sicker.
You kill the orc!
The orc hits you from afar with a +0 trident.
The hobgoblin throws a stone.
The stone barely misses you.
HP[-1] MP[-1]
You take 1 damage, and now have 30/31 hp.
You lost 1 mp, and now have 16/18 mp.
The sting misses the orc.
The sting hits the orc.
The orc is poisoned.
The orc hits you from afar with a +0 trident!
HP[-10] MP[-1]
You take 10 damage, and now have 20/31 hp.
MASSIVE DAMAGE!! (PAUSE)
You lost 1 mp, and now have 15/18 mp.
You are too injured to fight recklessly!
The orc completely misses you.
MP[+1]
You kill the orc!
Casting: Sting (safe; 3% risk of failure)
Confirm with . or Enter, or press ? or * to list all spells.
Aiming: Sting (safe; 3% risk of failure)
Press: ? - help, Shift-Dir - straight line, f/p - orc
Aim: an orc, wielding a +0 trident (74% to hit)
The sting hits the orc.
The orc is poisoned.
The orc hits you from afar with a +0 trident!
* * * LOW HITPOINT WARNING * * *
HP[-7] MP[-1]
You take 7 damage, and now have 13/31 hp.
MASSIVE DAMAGE!! (PAUSE)
You lost 1 mp, and now have 15/18 mp.
Casting: Sting (safe; 3% risk of failure)
Confirm with . or Enter, or press ? or * to list all spells.
Aiming: Sting (safe; 3% risk of failure)
Press: ? - help, Shift-Dir - straight line, f/p - orc
Aim: an orc, wielding a +0 trident (heavily wounded, poisoned, 74% to hit)
The sting hits the orc.
The orc looks even sicker.
The hobgoblin throws a stone.
The stone hits you.
* * * LOW HITPOINT WARNING * * *
The orc hits you from afar with a +0 trident.
* * * LOW HITPOINT WARNING * * *
HP[-8] MP[-1]
You take 8 damage, and now have 5/31 hp.
MASSIVE DAMAGE!! (PAUSE)
You lost 1 mp, and now have 14/18 mp.
You kill the orc!
The hobgoblin throws a stone.
The stone hits you.
* * * LOW HITPOINT WARNING * * *
HP[-4]
You take 4 damage, and now have 1/31 hp.
The hobgoblin throws a stone.
The stone hits you.
You die...

Skill      XL: |  1  2  3  4  5 |
---------------+----------------+-----
Poison Magic   | 4 5 6 |  6.2
Spellcasting   | 3 |  3.2
Dodging        | |  2.0
Stealth        | |  2.6
Transmutations | |  1.0

Action                   |  1- 3 |  4- 6 || total
-------------------------+-------+-------++-------
Melee: Dagger            |    35 |    48 ||    83
       Tentacles         |     9 |     8 ||    17
       Constrict         |     7 |    13 ||    20
       Punch             |       |     3 ||     3
 Fire: Hunting sling     |    33 |       ||    33
 Cast: Sting             |     3 |    15 ||    18
 Stab: Sleeping          |     3 |     9 ||    12
Armor: Skin              |     4 |     2 ||     6
Dodge: Dodged            |    60 |    27 ||    87

Levels and vault maps discovered:
D:1:      minmay_arrival_solitary_statue, layout_basic,
          dreamdust_ecumenical_altar_sealed_demon
D:2:      layout_basic, uniq_jessica
D:3:      layout_rooms

Notes
Turn   | Place    | Note
-------+----------+-------------------------------------------
     0 | D:1      | zeratav the Octopode Venom Mage began the quest for the
                  | Orb.
     0 | D:1      | Reached XP level 1. HP: 11/11 MP: 3/3
     0 | D:1      | magus.rc [v1.9.6]
   154 | D:1      | Reached skill level 4 in Poison Magic
   175 | D:1      | Reached XP level 2. HP: 11/17 MP: 0/5
   934 | D:1      | Reached XP level 3. HP: 21/21 MP: 6/6
  1169 | D:1      | Found a faded altar of an unknown god.
  1169 | D:1      | Noticed a rust devil
  1318 | D:2      | HP: 5/21 [acid (3)]
  1319 | D:2      | Reached skill level 5 in Poison Magic
  1319 | D:2      | Reached XP level 4. HP: 7/27 MP: 5/8
  1678 | D:2      | You pick up a book of Air and begin reading...
  1678 | D:2      | You add the spells Shock, Swiftness and Airstrike to your
                  | library.
  1806 | D:2      | Noticed Jessica
  1814 | D:2      | Killed Jessica
  1815 | D:2      | Reached skill level 3 in Spellcasting
  2056 | D:2      | Reached XP level 5. HP: 28/31 MP: 9/9
  2187 | D:2      | Reached skill level 6 in Poison Magic
  2878 | D:3      | HP: 5/31 [orc/+0 trident (3)]
  2879 | D:3      | HP: 1/31 [hobgoblin/stone (5)]
  2880 | D:3      | Hit by a stone thrown by a hobgoblin

Vanquished Creatures
  A jelly (D:2)
  Jessica (D:2)
  4 adders
  2 dart slugs
  3 orcs (D:3)
  3 endoplasms
  2 giant cockroaches
  7 goblins
  4 hobgoblins
  3 kobolds
  6 quokkas
  5 ball pythons
  10 bats
  6 frilled lizards
  5 rats
62 creatures vanquished.

Table legend:
 A = Non-vault XP
 B = Vault XP
 C = Vault XP percentage of total XP
 D = Non-vault monster count
 E = Vault monster count
 F = Vault count percentage of total count
                 A         B        C        D         E       F
            +---------+---------+-------+---------+---------+-------
      Total |     195 |      37 |  15.9 |      61 |       1 |   1.6
            +---------+---------+-------+---------+---------+-------
        D:1 |      39 |       0 |   0.0 |      24 |       0 |   0.0
        D:2 |     121 |      37 |  23.4 |      26 |       1 |   3.7
        D:3 |      35 |       0 |   0.0 |      11 |       0 |   0.0
            +---------+---------+-------+---------+---------+-------

Illustrated notes

Table legend:
 A = Kills in this place as a percentage of kills in entire the game.
 B = Kills by you in this place as a percentage of kills by you in the entire game.
 C = Kills by friends in this place as a percentage of kills by friends in the entire game.
 D = Other kills in this place as a percentage of other kills in the entire game.
 E = Experience gained in this place as a percentage of experience gained in the entire game.
 F = Experience gained in this place divided by the number of levels of this place that you have seen.
                   A       B       C       D       E      F
               +-------+-------+-------+-------+-------+----------------------
         Total | 100.0 | 100.0 |   N/A |   N/A | 100.0 |  77.3
       Dungeon | 100.0 | 100.0 |   N/A |   N/A | 100.0 |  77.3
               +-------+-------+-------+-------+-------+----------------------

Table legend: (Time is in decaauts)
 A = Elapsed time spent in this place.
 B = Non-inter-level travel time spent in this place.
 C = Inter-level travel time spent in this place.
 D = Time resting spent in this place.
 E = Time spent auto-exploring this place.
 F = Levels seen in this place.
 G = Mean time per level.
                   A        B        C        D        E       F      G
               +--------+--------+--------+--------+--------+-----+--------+
         Total |   2894 |   2852 |     42 |    734 |   1747 |   3 |  964.7 |
       Dungeon |   2894 |   2852 |     42 |    734 |   1747 |   3 |  964.7 |
               +--------+--------+--------+--------+--------+-----+--------+

Top non-repeatable levels by time:
     D:2: 1397 daAuts
     D:1: 1249 daAuts
     D:3: 247 daAuts
